 Dungeon Crawl Stone Soup version 0.16-a0-783-gf476f6a (webtiles) character file.

26 Psiweapon the Gusty (level 2, 0/20 HPs)
             Began as a Centaur Air Elementalist on Sept 26, 2014.
             Succumbed to an adder's poison
             ... on Level 2 of the Dungeon.
             The game lasted 00:09:00 (1460 turns).

Psiweapon the Gusty (Centaur Air Elementalist)      Turns: 1460, Time: 00:09:00

HP   0/20        AC  4     Str 10      XL: 2   Next: 89%
MP   3/3         EV  9     Int 14      God:
Gold 73          SH  0     Dex  9      Spells:  1 memorised,  3 levels left

rFire  . . .     SeeInvis .     r - +0 war axe
rCold  . . .     Clarity  .     g - +0 leather armour
rNeg   . . .     rCorr    .     (no shield)
rPois  .         rRot     .     (no helmet)
rElec  .         Spirit   .     (no cloak)
SustAb .         Warding  .     (no gloves)
rMut   .         Stasis   .     (no barding)
Gourm  .                        (no amulet)
MR     .....                    (no ring)
                                (no ring)

@: lethally poisoned, very quick, not resistant to hostile enchantments, very
unstealthy
A: hooves 3, deformed body, speed 2, tough skin 3
a: no special abilities


You were on level 2 of the Dungeon.
You were not hungry.

You visited 1 branch of the dungeon, and saw 2 of its levels.

You collected 73 gold pieces.

Inventory:

Hand weapons
 f - a +0 dagger
 h - a +0 hunting sling
 r - a +0 war axe (weapon)
Missiles
 d - 6 needles of frenzy
Armour
 a - a +0 robe
 g - a +0 leather armour (worn)
Comestibles
 c - 2 bread rations
 l - a rotting chunk of giant gecko flesh
 p - a chunk of goblin flesh
 q - a chunk of bat flesh
 s - a chunk of giant cockroach flesh
Scrolls
 e - a scroll of blinking {unknown}
 i - a scroll of random uselessness {unknown}
 m - a scroll of noise {unknown}
 t - a scroll of remove curse {unknown}
Jewellery
 o - an uncursed ring of flight {unknown}
Potions
 j - a potion of restore abilities {unknown}
 k - a potion of curing {unknown}
 n - a potion of lignification {unknown}
Books
 b - a book of Air

   Spells                             Type                      Level
   *Shock                             Conjuration/Air              1
   Swiftness                          Charms/Air                   2
   Repel Missiles                     Charms/Air                   2
   Flight                             Charms/Air                   3
   Static Discharge                   Conjuration/Air              3
   Lightning Bolt                     Conjuration/Air              5


   Skills:
 - Level 1.3 Dodging
 - Level 1.2 Stealth
 - Level 1.5 Spellcasting
 + Level 1.9 Conjurations
 + Level 3.2 Air Magic


You had 3 spell levels left.
You knew the following spells:

 Your Spells              Type           Power        Failure   Level  Hunger
a - Shock                 Conj/Air       #...         12%         1    ##.....


Dungeon Overview and Level Annotations

Branches:
Dungeon (2/15)

Altars:
Sif Muna


Innate Abilities, Weirdness & Mutations

You have hooves in place of feet.
Armour fits poorly on your strangely shaped body.
You cover ground very quickly.
You have extremely tough skin (AC +3).


Message History

You are lethally poisoned!
The adder poisons you!
You barely miss the adder.
The adder is heavily wounded.
* * * LOW HITPOINT WARNING * * *
You feel sick. The adder barely misses you. The adder bites you.
* * * LOW HITPOINT WARNING * * *
You barely miss the adder.
The adder is heavily wounded.
* * * LOW HITPOINT WARNING * * *
You feel sick. The adder bites you.
* * * LOW HITPOINT WARNING * * *
The adder completely misses you.
You closely miss the adder.
The adder is heavily wounded.
* * * LOW HITPOINT WARNING * * *
You feel sick. The adder completely misses you. The adder barely misses you.
You hit the adder. Your kick misses the adder.
The adder is almost dead.
You die...

. ....# #....# # . (...#
..... .... . ..... ...
... ...###.###....
######...........
#...##.S@.........
#####..##......!..... ##
###...#..#....####.....
.###...<)#.#.....# ##
.........#.#[....#
..♣....###.#.....####...
.....###...#.............
#...##.....#............
.#........##..%.........


You could see an adder.

Vanquished Creatures
  An adder (D:2)
  2 giant geckos
  A ball python (D:1)
  2 bats
  2 giant cockroaches
  2 goblins
  A hobgoblin (D:1)
  2 giant newts (D:1)
  2 kobolds (D:1)
  A rat (D:1)
16 creatures vanquished.

Notes
Turn   | Place    | Note
--------------------------------------------------------------
     0 | D:1      | Psiweapon, the Centaur Air Elementalist, began the quest for the Orb.
     0 | D:1      | Reached XP level 1. HP: 14/14 MP: 2/2
    22 | D:1      | Reached skill level 1 in Conjurations
   615 | D:1      | Reached XP level 2. HP: 7/20 MP: 1/3
   886 | D:1      | Reached skill level 3 in Air Magic
  1376 | D:2      | Found a deep blue altar of Sif Muna.
  1459 | D:2      | HP: 1/20 [poisoned by an adder]
  1460 | D:2      | Succumbed to an adder's poison

Action                   || total
-------------------------++-------
Melee: Dagger            ||    23
       Unarmed           ||     6
       War axe           ||    14
 Cast: Shock             ||    16
  Eat: Chunk             ||     2
